 Dungeon Crawl Stone Soup version 0.27.1-2-g3b301248ec (webtiles) character file.

Game seed: 12384860765613919451

42 Crimsonway the Grave Robber (level 3, 0/24 HPs)
             Began as a Vampire Necromancer on Sept 30, 2021.
             Was a Follower of Fedhas.
             Succumbed to an adder's poison
             ... on level 2 of the Dungeon.
             The game lasted 00:05:17 (877 turns).

Crimsonway the Grave Robber (Vampire Necromancer)    Turns: 877, Time: 00:05:18

Health: 0/24       AC:  2    Str:  6 (7)  XL:     3   Next: 33%
Magic:  4/6        EV: 12    Int: 15 (18) God:    Fedhas [*.....]
Gold:   50         SH:  0    Dex: 13 (14) Spells: 5/6 levels left

rFire    + . .     SeeInvis +   f - +0 rapier
rCold    + . .     Faith    .   (no shield)
rNeg     . . .     Spirit   .   a - +0 robe
rPois    +         Reflect  .   (no helmet)
rElec    +         Harm     .   (no cloak)
rCorr    +         Rampage  .   (no gloves)
Will     .....                  (no boots)
Stlth    ++........             (no amulet)
HPRegen  0.28/turn              c - ring of wizardry
MPRegen  0.10/turn              e - ring of poison resistance

@: lethally poisoned (0 -> -4), resistant, healing quickly
A: alive, fangs 3, see invisible, vampiric 2
a: Exsanguinate, Renounce Religion


You were on level 2 of the Dungeon.
You worshipped Fedhas.
Fedhas was aware of your devotion.
You visited 1 branch of the dungeon, and saw 2 of its levels.

You collected 50 gold pieces.

Inventory:

Hand Weapons
 d - a +0 dagger
 f - a +0 rapier (weapon)
 h - a +0 whip
Missiles
 j - 6 boomerangs
Armour
 a - a +0 robe (worn)
Jewellery
 c - a ring of wizardry (left hand)
 e - a ring of poison resistance (right hand)
Scrolls
 i - a scroll of identify {unknown}
 l - a scroll of silence {unknown}
Potions
 b - a potion of flight {unknown}
 k - a potion of might {unknown}


   Skills:
 + Level 0.1 Fighting
 + Level 0.8 Short Blades
 + Level 2.4 Dodging
 + Level 3.3 Stealth
 + Level 2.4 Spellcasting
 + Level 5.0 Necromancy


You had 5 spell levels left.
You knew the following spells:

 Your Spells              Type           Power      Damage    Failure   Level
a - Pain                  Necr           68%        1d7       1%          1

Your spell library contained the following spells:

 Spells                   Type           Power      Damage    Failure   Level
 Animate Skeleton         Necr           34%        N/A       1%          1
 Vampiric Draining        Necr           8%         2d7       3%          3
 Animate Dead             Necr           8%         N/A       11%         4
 Agony                    Necr           17%        N/A       28%         5


Dungeon Overview and Level Annotations

Branches:
Dungeon (2/15)

Altars:
Fedhas

Shops:
D:1 ?


Innate Abilities, Weirdness & Mutations

Your natural rate of healing is accelerated.
You have razor-sharp teeth.
You have supernaturally acute eyesight. (SInv)
You are afflicted with vampirism and can become a bat while bloodless.


Message History

You kill the frilled lizard!
Fedhas appreciates your contribution to the ecosystem.
Found a dagger.
Found a stone staircase leading down.
The adder hisses angrily.
The adder barely misses you.
You closely miss the adder. The adder bites you. The adder closely misses you.
You hit the adder but do no damage. The adder barely misses you.
You closely miss the adder. The adder closely misses you. The adder misses you.
You hit the adder but do no damage. The adder bites you.
You are poisoned.
The adder poisons you! The adder bites you.
You miss the adder.
You feel sick. The adder barely misses you.
Aiming: Pain (safe; 1% risk of failure)
Press: ? - help, Q - select action, (/) - cycle Shift-Dir - straight line, f - adder
Aim: an adder (chance to affect: 85%)
The adder writhes in agony.
You feel sick. The adder bites you.
* * * LOW HITPOINT WARNING * * *
You are lethally poisoned!
The adder poisons you!
Aiming: Pain (safe; 1% risk of failure)
Press: ? - help, Q - select action, (/) - cycle Shift-Dir - straight line, f/p - adder
Aim: an adder (lightly wounded, chance to affect: 85%)
The adder writhes in agony.
* * * LOW HITPOINT WARNING * * *
You feel sick. The adder misses you. The adder closely misses you.
You hit the adder.
You kill the adder!
Fedhas appreciates your contribution to the ecosystem.
* * * LOW HITPOINT WARNING * * *
You feel very sick.
It was a potion of degeneration.
There was something very wrong with that liquid.
You feel weakened.
You feel dopey.
You feel clumsy.
* * * LOW HITPOINT WARNING * * *
You feel sick.
It was a potion of resistance.
You feel protected.
You die...
Fedhas appreciates your contribution to the ecosystem.

## ##############..
................
....)..........
...........>..#
#######...@......#
..................
..................
........#.#######. .
#####.....####### ..
#...........# ..
...###........# .###
#............# .....
#.####.......#.K....


There were no monsters in sight!

Vanquished Creatures
  An adder (D:2)
  A dart slug (D:2)
  5 ball pythons
  4 endoplasms
  2 giant cockroaches (D:1)
  3 goblins (D:1)
  A hobgoblin (D:2)
  4 bats
  2 frilled lizards
  4 kobolds
  4 rats
31 creatures vanquished.

Notes
Turn   | Place    | Note
-------+----------+-------------------------------------------
     0 | D:1      | Crimsonway the Vampire Necromancer began the quest for the
                  | Orb.
     0 | D:1      | Reached XP level 1. HP: 13/13 MP: 3/3
    75 | D:1      | Found Quecwemu's Magic Scroll Boutique.
   160 | D:1      | Reached XP level 2. HP: 14/19 MP: 3/5
   298 | D:1      | Found a faded altar of an unknown god.
   305 | D:1      | Became a worshipper of Fedhas Madash
   305 | D:1      | Reached * piety under Fedhas
   382 | D:1      | Reached skill level 5 in Necromancy
   793 | D:2      | Gained mutation: You are afflicted with vampirism and can
                  | become a bat while bloodless. [Vampire growth]
   793 | D:2      | Reached XP level 3. HP: 10/24 MP: 3/6
   876 | D:2      | HP: 1/24 [poisoned by an adder]
   877 | D:2      | Succumbed to an adder's poison

Illustrated notes

Levels and vault maps discovered:
D:1:      co_arrival_square_in_a_square_in_a_square, layout_rooms,
          ebering_ecumenical_altar_webs, serial_shops, shop
D:2:      layout_basic, uniq_crazy_yiuf_cottage

Skill      XL: |  1  2 |
---------------+-------+-----
Necromancy     | 5 |  5.0
Fighting       | |  0.1
Short Blades   | |  0.8
Dodging        | |  2.4
Stealth        | |  3.3
Spellcasting   | |  2.4

Action                   || total
-------------------------++-------
Melee: Dagger            ||    18
       Bite              ||     5
       Unarmed           ||     3
       Rapier            ||    38
 Cast: Pain              ||    20
  Use: Potion            ||     2
 Stab: Sleeping          ||     2
Armor: Robe              ||    14
Dodge: Dodged            ||    33
